 Dungeon Crawl Stone Soup version 0.30-a0-40-gc6d0f036a7 (webtiles) character file.

Game seed: 2861607837870987927

76 gabitoon the Magician (level 4, -3/31 HPs)
             Began as a Djinni Ice Elementalist on Aug 26, 2022.
             Killed from afar by a green death (12 damage)
             ... with a poison arrow
             ... on level 1 of the Abyss on Aug 29, 2022.
             The game lasted 00:13:37 (2323 turns).

gabitoon the Magician (Djinni Ice Elementalist)     Turns: 2323, Time: 00:13:38

Health: -3/31      AC:  2    Str:  7    XL:     4   Next: 57%
Gold:   148        EV: 12    Int: 18    God:
                   SH:  0    Dex: 14

rFire   + + .      SeeInvis .    h - staff of death
rCold   x . .      Faith    .    (no shield)
rNeg    + . .      Spirit   .    a - +0 robe
rPois   ∞          Reflect  .    (no helmet)
rElec   .          Harm     .    (no cloak)
rCorr   .          Rampage  .    (no gloves)
Will    .....                    (boots unavailable)
Stlth   ++........               (no amulet)
HPRegen 0.10/turn                (no ring)
MPRegen 0.00/turn                (no ring)

@: flying
A: sickness immunity, fire resistance 2, cold vulnerability 1, float, innate
caster, HP casting, extra vitality 1
a: no special abilities


You were on level 1 of the Abyss.
You visited 1 branch of the dungeon, and saw 3 of its levels.
You visited the Abyss 1 time.

You collected 148 gold pieces.

Inventory:

Hand Weapons
 o - a +1 dagger of distortion
Armour
 a - a +0 robe (worn)
Magical Staves
 h - a staff of death (weapon)
Scrolls
 b - a scroll of enchant weapon {unknown}
 d - 2 scrolls of identify {unknown}
 f - a scroll of brand weapon {unknown}
 i - 2 scrolls of amnesia {unknown}
 n - 2 scrolls of immolation
Potions
 c - a potion of brilliance {unknown}
 e - a potion of invisibility {unknown}
 g - a potion of heal wounds {unknown}
 j - 3 potions of curing {unknown}
 k - 2 potions of cancellation {unknown}
 l - a potion of attraction {unknown}
 m - a potion of flight {unknown}


   Skills:
 + Level 2.4 Dodging
 + Level 1.6 Stealth
 + Level 0.1 Unarmed Combat
 + Level 4.4 Spellcasting


You couldn't memorise any spells.
You knew the following spells:

 Your Spells              Type           Power      Damage    Failure   Level
a - Freeze                Ice            76%        1d9       2%          1
b - Frozen Ramparts       Ice            38%        1d6       7%          3
c - Ozocubu's Armour      Ice            19%        N/A       7%          3
d - Hailstorm             Conj/Ice       19%        3d6       22%         4
e - Necrotise             Necr           100%       1d9       2%          1
Your spell library was empty.

Dungeon Overview and Level Annotations

Branches:
Dungeon (3/15)

Altars:
Lugonu

Portals:
Abyss: D:3*

Annotations:
D:3 2 transporters, Silkki's ghost, amateur MeMo


Innate Abilities, Weirdness & Mutations

You are immune to sickness and miasma.
You are immune to poison.
Your flesh is very heat resistant. (rF++)
You are vulnerable to cold. (rC-)
You float through the air rather than walking.
You learn spells naturally, not from books.
Your magical power is your life essence.
You have superior vitality. (+4 MHP)


Message History

Aiming: Necrotise (safe; 2% risk of failure)
Press: ? - help, Shift-Dir - straight line, f - kobold
Aim: a kobold, wielding a +1 dagger of distortion (ally target, chance to affect: 93%)
You feel a surge of power!
The kobold writhes in agony!
You kill the kobold!
You see here a +0 dagger.
You swap places.
You now have 148 gold pieces (gained 14).
There is a large open translucent door here.
Things that are here:
a +1 dagger of distortion; a +0 whip of distortion
o - a +1 dagger of distortion You swap places.
You see here a +0 dagger.
There is a corrupted altar of Lugonu here.
There is a one-way gate to the infinite horrors of the Abyss here.
You swap places.
You swap places.
There is a one-way gate to the infinite horrors of the Abyss here.
If you enter this portal you might not be able to return immediately.
Continue?
Okay, then.
If you enter this portal you might not be able to return immediately.
Continue?
This branch contains the abyssal rune of Zot.
A green death comes into view.
Found a gateway leading out of the Abyss.
Press: ? - help, v - describe, . - travel
Here: a green death (asleep)
A gateway leading out of the Abyss.
The green death roars!
The green death gestures at you. The poison arrow hits you!
You partially resist. The green death gestures at you.
The poison arrow hits you! You partially resist.
* * * LOW HITPOINT WARNING * * *
The green death gestures at you.
The bolt of poison hits you but does no damage.
You resist. The green death gestures at you. The poison arrow hits you!
You partially resist.
You die...

###. . ##
##.#.....#.# . # .
#..... .# # .. #
#...##..... .#.
#..#........#.##..
# . ...#.....#..#
##.##.....#.#.# ##
###...###..
###.~@# . .
##.#.##..##.
#....###2##...
......#..........
.#.###..###....∩.
.. ~#~# ...P♣
#####≈. .... ~~~
##.. ..♣# .


You could see a green death.

Vanquished Creatures
  4 adders
  3 endoplasms
  4 giant cockroaches
  2 goblins
  4 hobgoblins
  2 quokkas
  5 ball pythons
  2 bats (D:3)
  4 frilled lizards
  8 kobolds
  3 rats
41 creatures vanquished.

Notes
Turn   | Place    | Note
-------+----------+-------------------------------------------
     0 | D:1      | gabitoon the Djinni Ice Elementalist began the quest for
                  | the Orb.
     0 | D:1      | gabitoon set off with the following spells memorised:
                  | Freeze, Frozen Ramparts, Ozocubu's Armour, Hailstorm.
     0 | D:1      | Reached XP level 1. HP: 15/15 MP: 0/0
    30 | D:1      | Upgraded the game from 0.30-a0-29-g142975f185 to
                  | 0.30-a0-40-gc6d0f036a7
   190 | D:1      | Reached XP level 2. HP: 10/21 MP: 0/0
   901 | D:1      | Reached XP level 3. HP: 22/25 MP: 0/0
   901 | D:1      | Learned a level 1 spell: Necrotise
  1136 | D:2      | Reached skill level 4 in Spellcasting
  1631 | D:2      | Reached XP level 4. HP: 26/31 MP: 0/0
  1706 | D:3      | Found a transporter.
  1708 | D:3      | Found a one-way gate to the infinite horrors of the Abyss.
  1708 | D:3      | Noticed Silkki's ghost (amateur MeMo)
  1709 | D:3      | Noticed a small abomination
  1746 | D:3      | Noticed a small abomination
  1753 | D:3      | Found a transporter.
  1760 | D:3      | Noticed a small abomination
  2091 | D:3      | Found a faded altar of an unknown god.
  2244 | D:3      | Found a large runed translucent door.
  2246 | D:3      | Found a large runed translucent door.
  2248 | D:3      | Found a corrupted altar of Lugonu.
  2287 | D:3      | Voluntarily entered the Abyss.
  2315 | Abyss:1  | Noticed a green death
  2323 | Abyss:1  | Killed from afar by a green death

Illustrated notes

Levels and vault maps discovered:
D:1:      matt_arrival_spirals, layout_basic, dk_noncrumbling_4
D:2:      layout_basic, kennysheep_generic_room_13
D:3:      due_chaos_kobolds, layout_loops_ring, gammafunk_ghost_abyssal_escape,
          hellmonk_ecumenical_altar_blasted
Abyss:1:  base: D:3, minivault_25_ag, spicy_abyss_helpful_harpoons

Skill      XL: |  1  2  3 |
---------------+----------+-----
Spellcasting   | 4 |  4.4
Dodging        | |  2.4
Stealth        | |  1.6
Unarmed Combat | |  0.1

Action                   |  1- 3 |  4- 6 || total
-------------------------+-------+-------++-------
Melee: Unarmed           |     2 |       ||     2
       Staff             |     2 |     2 ||     4
 Cast: Freeze            |    42 |       ||    42
       Necrotise         |       |    18 ||    18
Armor: Robe              |     2 |     2 ||     4
Dodge: Dodged            |    25 |    11 ||    36

Table legend: (Time is in decaauts)
 A = Elapsed time spent in this place.
 B = Non-inter-level travel time spent in this place.
 C = Inter-level travel time spent in this place.
 D = Time resting spent in this place.
 E = Time spent auto-exploring this place.
 F = Levels seen in this place.
 G = Mean time per level.
                   A        B        C        D        E       F      G
               +--------+--------+--------+--------+--------+-----+--------+
         Total |   2322 |   2322 |      0 |    265 |      0 |   4 |  580.5 |
       Dungeon |   2286 |   2286 |      0 |    265 |      0 |   3 |  762.0 |
         Abyss |     35 |     35 |      0 |      0 |      0 |   1 |   35.0 |
               +--------+--------+--------+--------+--------+-----+--------+

Top non-repeatable levels by time:
     D:1: 929 daAuts
     D:2: 771 daAuts
     D:3: 586 daAuts
 Abyss:1: 35 daAuts
